Map: King's Cove LE

Players

PtitDrogo

  • Race: Protoss Protoss
  • League: Master
  • Spawn Location: 5:00

Lambo - Winner!

  • Race: Zerg Zerg
  • Spawn Location: 11:00

Event: 2019 WCS Winter Europe

VOD

Have the link to the VOD?

Description

Time

  • Played on: April 7, 2019, 12:18 p.m.
  • Length: 9:46

All games in this series

Show
View Real Time Build Order
Export as new Build Order

PtitDrogo Protoss 

Build Orders: 1 Gate Expand, Oracle Opening, Archon Immortal 

Get SALT Encoding   

  12  0:00  Probe  
  13  0:12  Probe  
  14  0:17  Pylon  
  14  0:24  Probe  
  15  0:33  Probe  
  15  0:38  Gateway  
  15  0:41  Probe  
  16  0:48  Assimilator  
  17  0:51  Probe  
  18  1:03  Probe  
  19  1:15  Probe  
  20  1:26  Nexus  
  20  1:36  Cybernetics Core  
  20  1:39  Probe  
  21  1:47  Assimilator  
  21  1:51  Probe  
  22  1:55  Pylon  
  22  2:03  Probe, Adept  
  23  2:15  Probe  
  26  2:20  Stargate  
  26  2:26  Stalker  
  26  2:27  Probe  
  26  2:28  Warp Gate  
  27  2:35  Probe  
  29  2:40  Probe  
  29  2:43  Probe  
  32  2:52  Probe  
  32  2:53  Probe  
  32  2:55  Oracle  
  34  3:04  Probe  
  34  3:05  Probe  
  39  3:07  Pylon  
  39  3:16  Probe  
  39  3:17  Probe  
  41  3:22  Oracle  
  41  3:28  Probe  
  41  3:29  Probe  
  41  3:31  Assimilator  
  46  3:35  Assimilator  
  46  3:39  Gateway  
  46  3:40  Probe  
  47  3:42  Probe  
  48  3:49  Pylon  
  48  3:52  Probe  
  48  3:54  Probe  
  50  3:59  Robotics Facility  
  50  4:02  Pylon  
  50  4:04  Probe  
  50  4:06  Probe  
  52  4:16  Probe, Zealot  
  55  4:18  Probe  
  56  4:29  Probe  
  56  4:30  Probe  
  58  4:38  Nexus  
  58  4:39  Pylon  
  58  4:41  Probe  
  58  4:42  Probe, Twilight Council  
  58  4:43  Observer  
  58  4:44  Sentry x2  
  64  4:49  Pylon  
  65  4:53  Probe  
  65  4:55  Forge  
  65  4:59  Probe  
  67  5:03  Gateway  
  67  5:05  Probe  
  67  5:06  Immortal  
  68  5:12  Probe  
  69  5:17  Probe  
  69  5:19  Charge  
  74  5:23  Templar Archives  
  74  5:26  Probe  
  75  5:28  Protoss Ground Weapons Level 1  
  75  5:34  Probe  
  76  5:38  Probe  
  76  5:39  Gateway  
  76  5:42  Gateway  
  77  5:46  Probe  
  78  5:51  Immortal  
  78  5:52  Psionic Storm  
  78  5:53  Probe x2  
  84  5:58  Probe  
  85  6:05  Probe x2  
  85  6:10  Probe  
  85  6:12  Assimilator  
  85  6:14  High Templar x2, Assimilator  
  85  6:16  Pylon  
  85  6:17  Probe x2  
  91  6:22  Probe  
  92  6:29  Probe  
  92  6:30  Warp Prism  
  92  6:31  Gateway  
  95  6:33  Gateway  
  95  6:34  High Templar  
  95  6:35  Zealot  
  99  6:40  Gateway  
  99  6:43  Gateway  
  99  6:47  Gateway  
  99  6:49  Gateway  
  99  6:51  Pylon  
  99  6:57  High Templar x2  
  103  7:13  Immortal  
  103  7:17  Nexus  
  103  7:18  Pylon  
  107  7:33  Zealot x2  
  107  7:34  Zealot x2  
  115  7:37  High Templar  
  115  7:38  High Templar x3, Zealot  
  125  7:48  Archon x2  
  125  7:51  Pylon  
  125  7:52  Pylon  
  125  7:56  Pylon  
  125  7:57  Pylon  
  125  8:09  Probe x2  
  125  8:11  High Templar x2, Zealot x4  
  125  8:12  Zealot  
  141  8:14  Zealot x4  
  141  8:15  Archon  
  149  8:32  Archon  
  109  8:35  Zealot  
  109  8:36  Zealot x8  
  92  8:49  Probe x3  
  92  8:53  Assimilator  
  92  8:54  High Templar x2  
  99  8:56  High Templar x3  
  99  8:57  High Templar, Assimilator  
  99  8:58  Zealot x5  
  115  9:03  Immortal  
  115  9:07  Archon  
  115  9:08  Archon  
  117  9:19  High Templar  
  117  9:20  High Templar, Zealot x2  
  117  9:22  Archon  
  112  9:28  Zealot x5  
  98  9:33  Zealot x2  
Show
View Real Time Build Order
Export as new Build Order

Lambo Zerg - Winner!

Build Orders: Hatch First 

Get SALT Encoding   

  12  0:00  Drone  
  13  0:12  Overlord  
  13  0:18  Drone  
  14  0:30  Drone x2  
  16  0:49  Hatchery  
  15  0:52  Drone  
  15  0:56  Drone  
  17  1:00  Drone  
  18  1:10  Extractor  
  17  1:14  Spawning Pool  
  17  1:18  Drone  
  17  1:21  Drone  
  18  1:29  Drone  
  19  1:39  Drone  
  20  1:53  Overlord  
  20  2:01  Queen x2  
  20  2:02  Zergling x2  
  20  2:03  Zergling x2  
  26  2:11  Drone  
  26  2:13  Drone  
  28  2:16  Metabolic Boost  
  28  2:23  Drone x2  
  30  2:36  Drone  
  31  2:41  Hatchery  
  30  2:45  Drone  
  30  2:48  Drone  
  32  2:52  Overlord  
  32  2:55  Drone  
  33  2:58  Queen  
  33  3:05  Drone  
  36  3:10  Drone  
  36  3:11  Drone  
  39  3:12  Drone  
  39  3:13  Drone, Overlord  
  39  3:16  Drone  
  41  3:20  Drone  
  41  3:22  Drone  
  43  3:27  Drone  
  43  3:32  Drone  
  43  3:33  Drone x2  
  47  3:38  Lair  
  47  3:40  Drone  
  48  3:45  Drone x3  
  48  3:46  Drone  
  52  3:49  Extractor, Spore Crawler  
  52  3:50  Extractor, Spore Crawler  
  52  3:54  Overlord  
  48  3:57  Overlord  
  48  4:02  Queen  
  50  4:13  Drone  
  50  4:14  Drone x6  
  50  4:16  Drone  
  58  4:23  Drone  
  58  4:24  Drone  
  60  4:28  Spore Crawler  
  56  4:31  Drone x5  
  56  4:33  Spore Crawler  
  56  4:38  Drone x2  
  59  4:40  Drone  
  59  4:41  Drone x2  
  62  4:46  Zergling x2  
  62  4:47  Hydralisk Den, Drone  
  62  4:49  Drone  
  65  4:53  Extractor  
  65  4:54  Drone  
  65  5:00  Overlord x2  
  65  5:06  Overlord  
  65  5:07  Extractor  
  65  5:08  Drone  
  65  5:10  Drone, Evolution Chamber  
  65  5:18  Queen, Overlord  
  65  5:19  Extractor  
  65  5:21  Drone x6  
  72  5:22  Drone  
  72  5:24  Muscular Augments  
  70  5:28  Drone x3  
  70  5:32  Drone  
  70  5:33  Drone x2  
  72  5:37  Zerg Missile Weapons Level 1  
  72  5:39  Baneling Nest  
  71  5:47  Drone, Hatchery  
  71  5:48  Drone  
  71  5:49  Hydralisk  
  72  5:52  Hydralisk  
  72  5:56  Hydralisk x2  
  76  5:58  Drone x2  
  76  6:01  Hydralisk  
  84  6:10  Drone x3  
  84  6:18  Overlord  
  84  6:22  Drone  
  84  6:24  Infestation Pit, Hydralisk x4  
  92  6:26  Centrifical Hooks  
  92  6:28  Drone  
  92  6:29  Overseer, Hydralisk  
  92  6:30  Hydralisk  
  97  6:36  Grooved Spines  
  97  6:38  Hydralisk x2  
  97  6:39  Hydralisk  
  103  6:41  Drone  
  103  6:43  Overlord  
  103  6:44  Overlord  
  103  6:46  Drone  
  105  6:52  Overlord  
  105  6:56  Overlord  
  105  6:58  Queen  
  107  7:03  Hive  
  107  7:04  Drone  
  107  7:05  Hydralisk x2  
  107  7:06  Zergling x4  
  107  7:07  Drone  
  115  7:10  Drone x3  
  115  7:11  Drone  
  115  7:13  Zergling x4  
  115  7:15  Zergling x4  
  123  7:18  Zergling x6  
  123  7:22  Zergling x4  
  128  7:23  Zergling x4  
  128  7:27  Zergling x2  
  131  7:30  Zergling x6  
  131  7:32  Zergling x8  
  131  7:36  Drone x2, Overseer  
  140  7:41  Drone  
  140  7:45  Zergling x6  
  140  7:47  Overlord  
  140  7:48  Overlord  
  140  7:50  Baneling x12  
  140  7:51  Overlord  
  143  7:55  Overlord  
  143  7:56  Overlord  
  143  7:57  Baneling x7  
  143  8:00  Baneling x5  
  143  8:06  Zergling x14  
  143  8:09  Zergling x2  
  143  8:10  Zergling x6  
  143  8:12  Baneling x5  
  154  8:14  Zergling x4  
  154  8:19  Zergling x10  
  161  8:26  Overlord  
  161  8:27  Hydralisk  
  161  8:32  Hydralisk x5  
  161  8:33  Hydralisk  
  147  8:36  Hydralisk  
  147  8:38  Hydralisk  
  147  8:39  Zergling x2  
  141  8:42  Hydralisk  
  141  8:44  Hydralisk  
  141  8:45  Zergling x2  
  142  8:51  Zergling x2  
  142  8:55  Zergling x10  
  148  9:00  Zergling x4  
  150  9:03  Baneling x6  
  150  9:05  Zergling x4  
  150  9:08  Baneling  
  150  9:09  Baneling x6  
  152  9:11  Zergling x4  
  152  9:16  Baneling x14  
  150  9:18  Zergling x8  
  150  9:21  Zergling x2, Overseer  
  150  9:24  Zergling x14  
  158  9:28  Zergling x2  
Tags
 
Add a new tag
Caveats
  • Supply blocks, unpowered buildings, or Contaminate may cause inaccurate times.
  • Supply counts are checked every 10 seconds.